 Dungeon Crawl Stone Soup version 0.17-a0-1646-geb1493d (console) character file.

1609 Monkaria the Destroyer (level 8, -1/41 HPs)
             Began as a Deep Elf Conjurer on Aug 9, 2015.
             Was a Follower of Vehumet.
             Slain by a troll (10 damage)
             ... on level 7 of the Dungeon.
             The game lasted 00:12:21 (6511 turns).

Monkaria the Destroyer (Deep Elf Conjurer)          Turns: 6511, Time: 00:12:21

Health: -1/41      AC:  9    Str:  5    XL:     8   Next: 63%
Magic:  15/19      EV: 11    Int: 23    God:    Vehumet [*.....]
Gold:   323        SH:  0    Dex: 15    Spells: 4 memorised, 7 levels left

rFire  . . .     SeeInvis .     (no weapon)
rCold  . . .     Clarity  .     y - +0 leather armour {rPois}
rNeg   . . .     SustAt   .     (no shield)
rPois  +         Gourm    .     I - +1 helmet
rElec  .         Spirit   .     j - +0 cloak
rCorr  .         Warding  .     (no gloves)
rMut   .         Stasis   .     (no boots)
MR     ++...                    k - amulet of rage
Stlth  +++.......               E - ring of invisibility
                                v - ring of protection from magic

@: very resistant to hostile enchantments, fairly stealthy
A: icy blue scales 2, camouflage 1, blink 1, magic resistance 1
a: Blink, Renounce Religion, Evoke Berserk Rage, Evoke Invisibility


You were on level 7 of the Dungeon.
You worshipped Vehumet.
Vehumet was aware of your devotion.
You were hungry.

You visited 2 branches of the dungeon, and saw 8 of its levels.

You collected 323 gold pieces.

Inventory:

Armour
 j - a +0 cloak (worn)
 y - a +0 leather armour of poison resistance (worn)
 I - a +1 helmet (worn)
Jewellery
 k - an amulet of rage (around neck)
 v - a ring of protection from magic (left hand)
 A - an uncursed ring of ice
 E - a ring of invisibility (right hand)
Magical devices
 a - a wand of fire (10)
 B - a wand of random effects (16)
Scrolls
 e - 2 scrolls of amnesia {unknown}
 g - a scroll of fog {unknown}
 h - 9 scrolls of identify {unknown}
 i - a scroll of enchant armour {unknown}
 n - 3 scrolls of teleportation {unknown}
 u - a scroll of magic mapping {unknown}
 w - 4 scrolls of remove curse {unknown}
 D - 2 scrolls of random uselessness {unknown}
 F - 2 scrolls of enchant weapon {unknown}
Potions
 d - 3 potions of cancellation {unknown}
 f - 2 potions of might {unknown}
 l - 3 potions of resistance {unknown}
 m - a potion of curing {unknown}
 q - 3 potions of agility {unknown}
 r - a potion of haste {unknown}
 x - a potion of beneficial mutation {unknown}
 C - 2 potions of cure mutation {unknown}
 G - a potion of lignification {unknown}
 H - a potion of berserk rage {unknown}
Books
 b - a book of Conjurations

   Spells                             Type                      Level
   a - Magic Dart                     Conjuration                  1
   b - Searing Ray                    Conjuration                  2
   c - Dazzling Spray                 Conjuration/Hexes            3
   d - Fulminant Prism                Conjuration/Hexes            4
   e - Iskenderun's Mystic Blast      Conjuration                  4
   f - Iskenderun's Battlesphere      Conjuration/Charms           5
 J - a book of Clouds

   Spells                             Type                      Level
   a - Mephitic Cloud                 Conjuration/Poison/Air       3
   b - Conjure Flame                  Conjuration/Fire             3
   c - Poisonous Cloud                Conjuration/Poison/Air       6
   d - Freezing Cloud                 Conjuration/Ice/Air          6
   e - Ring of Flames                 Charms/Fire                  7
Comestibles
 c - 5 bread rations
 o - 3 fruits
 p - a slice of pizza
 s - 5 meat rations
 t - a beef jerky
 z - a royal jelly


   Skills:
 - Level 4.0 Armour
 - Level 2.4 Dodging
 - Level 2.4 Stealth
 - Level 6.0 Spellcasting
 + Level 10.5 Conjurations


You had 7 spell levels left.
You knew the following spells:

 Your Spells              Type           Power        Failure   Level  Hunger
a - Magic Dart            Conj           ####         1%          1    None
b - Searing Ray           Conj           ######       1%          2    None
c - Iskenderun's Mystic   Conj           ######..     1%          4    ###....
d - Iskenderun's Battles  Conj/Chrm      ####....     47%         5    #####..


Dungeon Overview and Level Annotations

Branches:
Dungeon (7/15)             Temple (1/1) D:6

Altars:
Ashenzari
Cheibriados
Dithmenos
Elyvilon
Fedhas
Gozag
Kikubaaqudgha
Makhleb
Nemelex Xobeh
Okawaru
Qazlal
Sif Muna
Trog
Vehumet
Xom
Yredelemnul
Zin
The Shining One

Shops:
D:6 :


Innate Abilities, Weirdness & Mutations

You are mostly covered in icy blue scales (AC +3, EV -1).
Your skin changes colour to match your surroundings (Stealth).
You can translocate small distances at will.
You are resistant to hostile enchantments.


Message History

The searing ray hits the troll.
The troll is moderately wounded.
The searing ray hits the troll.
The troll is moderately wounded.
The troll barely misses you. The troll claws you. The troll claws you.
The searing ray hits the troll.
The troll is heavily wounded.
The troll bites you. The troll barely misses you. The troll claws you!
The searing ray misses the troll.
The searing ray hits the gnoll.
You kill the gnoll!
Vehumet accepts your kill. The troll bites you but does no damage.
The troll claws you. The troll claws you!
* * * LOW HITPOINT WARNING * * *
Drink which item? (? for menu, Esc to quit)
Okay, then.
Use which ability? (? or * to list)
You blink.
You feel slightly more hungry. The troll barely misses you.
The troll claws you!
You die...

..# .# #$# ##..
#.# #..# #)# #..#
#.# #..## #.#
#...# #ยง#
####...# #T#
###......# #@#
.......#...# #g#
...........# #.#
####.#....<####5#
#.###........#
..###...####.###
................#
...####...####.###
#####..g...##


You could see a troll, a gnoll and a crimson imp.

Vanquished Creatures
  Menkaure (D:6)
  A water moccasin (D:6)
  A centaur (D:6)
  An ice beast (D:6)
  A phantom (D:4)
  A sky beast (D:6)
  A giant frog (D:6)
  A gnoll sergeant (D:6)
  2 scorpions
  A crimson imp (D:5)
  4 iguanas
  2 hounds
  A jelly (D:4)
  An orc priest (D:6)
  2 giant frog skeletons
  Jessica (D:2)
  4 worker ants
  3 orc wizards
  A worker ant zombie (D:5)
  10 adders
  2 gnolls
  A shadow imp (D:5)
  2 oozes (D:1)
  2 adder zombies
  2 adder skeletons
  4 worms
  17 orcs
  5 goblins
  5 hobgoblins
  8 kobolds
  4 ball pythons
  9 bats
  9 giant cockroaches
  3 giant geckos
  2 giant gecko zombies
  6 giant newts
  8 jackals
  3 quokkas
  4 rats
136 creatures vanquished.

Notes
Turn   | Place    | Note
--------------------------------------------------------------
     0 | D:1      | Monkaria the Deep Elf Conjurer began the quest for the Orb.
     0 | D:1      | Reached XP level 1. HP: 10/10 MP: 6/6
   101 | D:1      | Reached XP level 2. HP: 15/15 MP: 5/8
   203 | D:1      | Reached skill level 5 in Conjurations
   574 | D:1      | Reached XP level 3. HP: 19/19 MP: 5/9
   856 | D:2      | Learned a level 2 spell: Searing Ray
  1142 | D:2      | Reached XP level 4. HP: 24/24 MP: 4/12
  1245 | D:2      | Noticed Jessica
  1247 | D:2      | Killed Jessica
  1247 | D:2      | Reached skill level 5 in Spellcasting
  1839 | D:3      | Reached XP level 5. HP: 28/28 MP: 9/15
  1881 | D:3      | Reached skill level 6 in Spellcasting
  2075 | D:3      | You fall through a shaft!
  2113 | D:4      | Reached skill level 1 in Armour
  2198 | D:4      | Learned a level 4 spell: Iskenderun's Mystic Blast
  2324 | D:4      | Reached XP level 6. HP: 32/32 MP: 9/17
  2582 | D:4      | Found a shattered altar of Ashenzari.
  2582 | D:4      | Found a glowing golden altar of the Shining One.
  2583 | D:4      | Found a deep blue altar of Sif Muna.
  2586 | D:4      | Found a radiant altar of Vehumet.
  2587 | D:4      | Found a shimmering altar of Xom.
  2588 | D:4      | Found an ancient bone altar of Kikubaaqudgha.
  2595 | D:4      | Became a worshipper of Vehumet
  2662 | D:4      | Noticed a phantom
  2673 | D:4      | Killed a phantom
  3328 | D:5      | Entered Level 5 of the Dungeon
  3475 | D:5      | Reached XP level 7. HP: 36/36 MP: 2/18
  4198 | D:5      | Noticed Menkaure
  4247 | D:5      | Acquired Vehumet's first power
  4247 | D:5      | Offered knowledge of Sting by Vehumet.
  4255 | D:5      | Learned a level 5 spell: Iskenderun's Battlesphere
  4441 | D:6      | Killed Menkaure
  4441 | D:6      | Reached skill level 7 in Conjurations
  5015 | D:6      | Found Nediarei's Book Emporium.
  5078 | D:6      | Found a staircase to the Ecumenical Temple.
  5097 | Temple   | Entered the Ecumenical Temple
  5218 | D:6      | Reached skill level 8 in Conjurations
  5334 | D:6      | Reached XP level 8. HP: 41/41 MP: 12/19
  5343 | D:6      | Gained mutation: You are partially covered in icy blue scales (AC +1). [mutagenic meat]
  5344 | D:6      | Gained mutation: You can translocate small distances at will. [mutagenic meat]
  5345 | D:6      | Gained mutation: Your skin changes colour to match your surroundings (Stealth). [mutagenic meat]
  5346 | D:6      | Gained mutation: You are mostly covered in icy blue scales (AC +3, EV -1). [mutagenic meat]
  5347 | D:6      | Gained mutation: You are resistant to hostile enchantments. [mutagenic meat]
  5365 | D:6      | Reached skill level 9 in Conjurations
  6221 | D:6      | Reached skill level 10 in Conjurations
  6430 | D:7      | Noticed a troll
  6511 | D:7      | Slain by a troll

Vault maps used:
D:1:      minmay_arrival_split_and_join
D:2:      uniq_jessica
D:4:      minitemple, first_bread
D:5:      uniq_menkaure
D:6:      kennysheep_six_static_rooms, minmay_temple_entry_statues_pillars,
          serial_shops, kennysheep_little_box
D:7:      uniq_duvessa
Temple:   circular_temple_pool_12

Action                   |  1- 3 |  4- 6 |  7- 9 || total
-------------------------+-------+-------+-------++-------
Melee: Unarmed           |       |     6 |     7 ||    13
 Cast: Magic Dart        |    62 |   117 |    80 ||   259
       Searing Ray       |     2 |    10 |    24 ||    36
 Abil: Evoke Berserk Rag |       |       |     1 ||     1
       Blink             |       |       |     1 ||     1
  Eat: Chunk             |     1 |     7 |    13 ||    21
       Pizza             |       |       |     1 ||     1
